 Dungeon Crawl Stone Soup version 0.24-a0-342-gad4687c (webtiles) character file.

Game seed: 5711964301830051600

2879 FelixtheCat the Gouger (level 9, -6/41 HPs)
             Began as a Felid Berserker on Mar 23, 2019.
             Was a High Priest of Trog.
             Mangled by a troll (21 damage)
             ... on level 10 of the Dungeon on May 21, 2019.
             The game lasted 00:26:22 (13453 turns).

FelixtheCat the Gouger (Felid Berserker)           Turns: 13453, Time: 00:26:23

Health: -6/41      AC:  2    Str: 13    XL:     9   Next: 48%
Magic:  8/10       EV: 27    Int: 11    God:    Trog [*****.]
Gold:   644        SH:  0    Dex: 20    Spells: 8/8 levels left
                                        Lives:  0   Deaths: 2

rFire    . . .     SeeInvis +     - Unarmed
rCold    . . .     Gourm    .   (shield unavailable)
rNeg     . . .     Faith    .   (armour unavailable)
rPois    +         Spirit   .   (helmet unavailable)
rElec    .         Reflect  .   (cloak unavailable)
rCorr    .         Harm     +   (gloves unavailable)
MR       +....                  (boots unavailable)
Stlth    +++++.....             n - amulet of harm
HPRegen  0.13/turn              D - +3 ring of intelligence
MPRegen  0.12/turn              h - ring of poison resistance

@: quick
A: very small, no armour, no weapons or thrown items, stealth, claws 1, fangs 3,
see invisible, carnivore, speed 1, shaggy fur 2, slow metabolism 1, sharp paws
a: Berserk, Trog's Hand, Brothers in Arms, Renounce Religion


You were on level 10 of the Dungeon.
You worshipped Trog.
Trog was extremely pleased with you.
You were completely stuffed.

You visited 1 branch of the dungeon, and saw 11 of its levels.
You also visited: Bailey.

You collected 644 gold pieces.

Inventory:

Jewellery
 h - a ring of poison resistance (right paw)
 k - an uncursed ring of flight
 n - an amulet of harm (around neck)
 q - an uncursed ring of fire
 y - an uncursed amulet of rage
 A - an uncursed ring of magical power
 C - an uncursed ring of positive energy
 D - a +3 ring of intelligence (left paw)
 F - an uncursed ring of protection from magic {unknown}
Wands
 f - a wand of polymorph (17)
 l - a wand of acid (9)
 p - a wand of random effects (48)
 u - a wand of enslavement (6)
 G - a wand of iceblast (4)
Scrolls
 e - 6 scrolls of remove curse
 i - 3 scrolls of fear
 j - a scroll of blinking
 m - a scroll of fog
 v - 2 scrolls of immolation
 B - a scroll of teleportation
 E - 2 scrolls of identify
Potions
 b - a potion of lignification {unknown}
 d - 2 potions of magic {unknown}
 g - a potion of brilliance
 o - 3 potions of heal wounds
 r - 7 potions of curing
 s - a potion of mutation
 t - 2 potions of berserk rage
 w - a potion of haste
 x - a potion of agility
 z - 2 potions of flight
Comestibles
 a - 23 rations
 c - 6 chunks of flesh


   Skills:
 * Level 6.0 Fighting
 + Level 10.4 Dodging
 + Level 9.7 Stealth
 + Level 12.6 Unarmed Combat


You had 8 spell levels left.
You didn't know any spells.
Your spell library was empty.

Dungeon Overview and Level Annotations

Branches:
Dungeon (11/15)            Temple (0/1) D:4            Lair (0/6) D:10
    Orc (0/2) D:10

Altars:
Cheibriados
Dithmenos
Hepliaklqana
Kikubaaqudgha
Makhleb
Nemelex Xobeh
Qazlal
Ru
Sif Muna
Uskayaw
Vehumet
Wu Jian
Yredelemnul
The Shining One

Shops:
D:7 [*}


Innate Abilities, Weirdness & Mutations

You cannot wear armour.
You are incapable of wielding weapons or throwing items.
Your paws allow you to move quietly. (Stealth)
You have sharp claws.
You have razor-sharp teeth.
You have supernaturally acute eyesight. (SInv)
You are carnivorous and can eat meat at any time.
You cover ground quickly.
You are covered in thick fur. (AC +2)
You have a slow metabolism.
Your sharp claws are effective at attacking unaware monsters.


Message History

You climb upwards.
There is a stone staircase leading down here.
There is a stone staircase leading down here.
You don't know any spells.
You claw the troll!
The troll is moderately wounded.
The troll misses you. The troll claws you! The troll claws you.
You scratch the troll but do no damage.
The troll is moderately wounded.
You scratch the troll.
The troll is heavily wounded.
The troll bites you! The troll completely misses you. The troll claws you.
You claw the troll!
The troll is almost dead.
The troll completely misses you. x2; The troll barely misses you.
You scratch the troll.
The troll is almost dead.
The troll bites you!!
Ouch! That really hurt!
You die...

..########..#######..########
..# #..# #..# ..# #..# #..#
..# #..# #..# .รท# #..# #..#
##### #### #..#
###.###############..#
#..#..#.....##.......########
...##...#.#.....@T......)...#
#.#.......##.######.........#
#.##.##..#.### #..########
#.##......### #..#
....#.......## #..#
.#.#..##.##..######T.########
##.##...##..##..............#
#.#...#####.##..............#
......>...#######.?.........#


You could see a troll.

Vanquished Creatures
  Erolcha (D:10)
  Pikel (D:8)
  Psyche (D:8)
  Prince Ribbit (D:6)
  5 polar bears (D:8)
  4 yaks (D:10)
  An acid dragon (D:10)
  A water moccasin (D:9)
  4 orc warriors
  3 sky beasts
  2 ice beasts
  2 black bears
  A slave (D:8)
  3 ogres
  3 centaurs
  2 wolves (D:8)
  2 big kobolds
  4 bullfrogs
  4 scorpions
  3 killer bees
  3 wights (D:9)
  A howler monkey (D:6)
  A crimson imp (D:5)
  A bullfrog zombie (D:7)
  5 orc priests
  5 hounds
  2 jellies
  A quasit (D:9)
  2 bullfrog skeletons
  A centaur skeleton (D:5)
  4 iguanas
  5 orc wizards
  Natasha (twice) (D:2)
  12 worker ants
  A killer bee zombie (D:9)
  A centaur simulacrum (D:8)
  2 hound skeletons
  A hound zombie (D:6)
  A killer bee simulacrum (D:8)
  15 gnolls
  17 adders
  2 shadow imps
  3 white imps (D:8)
  2 adder skeletons
  3 worms
  3 dart slugs
  9 leopard geckos
  39 orcs
  2 ball pythons
  8 bats
  3 giant cockroaches
  11 goblins
  7 hobgoblins
  10 jackals
  14 kobolds
  5 quokkas
  3 frilled lizards
  5 goblin skeletons (D:9)
  A goblin zombie (D:9)
  A hobgoblin zombie (D:9)
  A jackal simulacrum (D:8)
  2 leopard gecko skeletons
  An orc skeleton (D:9)
  An orc zombie (D:9)
  A quokka skeleton (D:4)
  9 rats
  A spectral orc (D:6)
278 creatures vanquished.

Notes
Turn   | Place    | Note
-------+----------+-------------------------------------------
     0 | D:1      | FelixtheCat the Felid Berserker began the quest for the
                  | Orb.
     0 | D:1      | Reached XP level 1. HP: 10/10 MP: 2/2
   119 | D:1      | Reached XP level 2. HP: 14/14 MP: 3/3
   936 | D:1      | Reached XP level 3. HP: 17/17 MP: 4/4
  1050 | D:1      | Reached ** piety under Trog
  1322 | D:2      | Found a hazy altar of Hepliaklqana.
  1322 | D:2      | Noticed Natasha
  1332 | D:2      | Killed Natasha
  1332 | D:2      | Reached skill level 4 in Unarmed Combat
  1332 | D:2      | Reached XP level 4. HP: 16/21 MP: 5/5
  1641 | D:2      | Reached skill level 1 in Stealth
  2018 | D:2      | Found a sparkling altar of Nemelex Xobeh.
  2030 | D:2      | Noticed Natasha
  2037 | D:2      | Killed Natasha
  2037 | D:2      | Reached skill level 5 in Dodging
  2037 | D:2      | Reached XP level 5. HP: 20/24 MP: 6/6
  2369 | D:3      | Found an ornate altar of the Wu Jian Council.
  2383 | D:3      | Found a hide-covered altar of Uskayaw.
  2386 | D:3      | Found a radiant altar of Vehumet.
  2389 | D:3      | Found a stormy altar of Qazlal.
  2457 | D:3      | Reached skill level 5 in Unarmed Combat
  2713 | D:3      | Found a snail-covered altar of Cheibriados.
  2786 | D:3      | Reached *** piety under Trog
  2970 | D:3      | Found a faded altar of an unknown god.
  3607 | D:3      | Gained mutation: You are covered in thick fur. (AC +2)
                  | [Felid growth]
  3607 | D:3      | Reached XP level 6. HP: 23/28 MP: 7/7
  3740 | D:4      | Found a shadowy altar of Dithmenos.
  4339 | D:4      | Reached skill level 6 in Unarmed Combat
  4346 | D:4      | Found a staircase to the Ecumenical Temple.
  4598 | D:4      | Found a burning altar of Makhleb.
  4903 | D:4      | Reached XP level 7. HP: 28/31 MP: 8/8
  5020 | D:4      | Reached skill level 5 in Stealth
  5158 | D:5      | Entered Level 5 of the Dungeon
  5473 | D:5      | Reached **** piety under Trog
  5473 | D:5      | Reached skill level 7 in Unarmed Combat
  6279 | D:6      | Reached XP level 8. HP: 34/34 MP: 9/9
  6397 | D:6      | Reached skill level 8 in Unarmed Combat
  6562 | D:6      | Found an ancient bone altar of Kikubaaqudgha.
  6782 | D:6      | Found a sparkling altar of Nemelex Xobeh.
  7023 | D:6      | Found a sacrificial altar of Ru.
  7028 | D:6      | Noticed Prince Ribbit
  7051 | D:6      | Killed Prince Ribbit
  7051 | D:6      | Reached skill level 9 in Unarmed Combat
  7152 | D:6      | Found a basalt altar of Yredelemnul.
  7291 | D:7      | Found Toquesae's Assorted Antiques.
  7366 | D:7      | Found Jenus's Gadget Shop.
  7503 | D:7      | Found Zaeps's Magic Scroll Emporium.
  7695 | D:7      | Found Ojarphoty's Antique Armour Boutique.
  7989 | D:8      | Noticed a polar bear
  7990 | D:8      | Identified a scroll of acquirement
  8058 | D:8      | Noticed a polar bear
  8058 | D:8      | Noticed Psyche
  8061 | D:8      | Noticed a polar bear
  8120 | D:8      | Reached XP level 9. HP: 39/39 MP: 10/10
  8489 | D:8      | Killed Psyche
  8489 | D:8      | Reached skill level 10 in Unarmed Combat
  8749 | D:7      | HP: 1/39 [ice beast (12)]
  9182 | D:8      | Killed a polar bear
  9765 | D:8      | Noticed a polar bear
  9771 | D:8      | Noticed a polar bear
  9772 | D:8      | Killed a polar bear
  9772 | D:8      | Reached skill level 11 in Unarmed Combat
 10266 | D:8      | Killed a polar bear
 10334 | D:8      | Noticed Pikel
 10351 | D:8      | Killed a polar bear
 10351 | D:8      | Reached XP level 10. HP: 43/43 MP: 11/11
 10448 | D:8      | Killed Pikel
 10720 | D:9      | Found a flagged portal.
 10741 | Bailey   | Entered a bailey
 10741 | Bailey   | Noticed an orc knight
 11009 | D:9      | Reached skill level 5 in Fighting
 11240 | D:9      | Found a glowing golden altar of the Shining One.
 11244 | D:9      | Reached ***** piety under Trog
 11514 | D:9      | Found a deep blue altar of Sif Muna.
 11688 | D:10     | Entered Level 10 of the Dungeon
 12153 | D:10     | Reached skill level 12 in Unarmed Combat
 12167 | D:9      | Reached skill level 10 in Dodging
 12478 | D:10     | Splashed by an acid dragon's acid
 12479 | D:10     | Reached XP level 9. HP: -7/40 MP: 10/10
 12688 | D:10     | Found a staircase to the Orcish Mines.
 12749 | D:10     | Noticed a troll
 13013 | D:10     | Found a staircase to the Lair.
 13103 | D:10     | Reached XP level 10. HP: 8/45 MP: 11/11
 13106 | D:10     | Slain by a yak
 13107 | D:10     | Reached XP level 9. HP: -1/61 MP: 10/10
 13201 | D:10     | Noticed Erolcha
 13207 | D:10     | Killed Erolcha
 13324 | D:11     | Upgraded the game from 0.24-a0-201-gf205589 to
                  | 0.24-a0-342-gad4687c
 13366 | D:11     | Noticed a two-headed ogre
 13414 | D:11     | Noticed a troll
 13453 | D:10     | Mangled by a troll

Levels and vault maps discovered:
D:1:      minmay_arrival_semitransparent, layout_loops_corners
D:2:      layout_rooms, nemelex_altar_shiori, overflow_temple_1_default,
          first_ration, uniq_natasha
D:3:      layout_loops_cross, lemuel_crystal_altar,
          grunt_temple_overflow_cloverleaf, chequers_ecumenical_altar_island,
          minmay_misc_feat_room
D:4:      cheibrodos_pilgrimage, layout_rooms, old_standard_altar,
          lightli_temple_of_fire, minmay_temple_entry_antechambers,
          serial_co_window_serial, co_window_paths_a, co_window_paths_a,
          co_window_corner_a, co_window_corner_a, co_window_paths_a,
          co_window_paths_a, co_window_of_opportunity_a, co_window_paths_a,
          co_window_paths_a, co_window_paths_c, co_window_broadway_c,
          co_window_corner_ca, co_window_unsneaky_path_a,
          co_window_unsneaky_path_b, co_window_corner_b, co_window_corner_b,
          glass_columns_b, glass_columns_b, glass_columns_c
D:5:      layout_layer_cave
D:6:      layout_basic, kennysheep_mini, yredelemnul_forgotten_temple_becter,
          basic_altar, nemelex_spade_bored_becter, uniq_prince_ribbit1
D:7:      layout_loops_ring, serial_shops, shop, kennysheep_little_box,
          nicolae_shop_stone, nicolae_shop_overgrown_old_shop
D:8:      layout_cave_pools, serial_ice, serial_ice_h, serial_ice_i,
          serial_ice_o, serial_ice_b, uniq_psyche, uniq_pikel
D:9:      layout_stronghold, lemuel_blue_sif_altar,
          nicolae_tso_besieged_by_evil, enter_bailey_3
D:10:     layout_small_grid, lair_entry_dummy, erik_orc_3, uniq_erolcha
D:11:     lemuel_troll_bridge, layout_loops_ring, serial_shops, shop
Bailey:   bailey_polearm_4, bailey

Skill      XL: |  1  2  3  4  5  6  7  8  9 10 |
---------------+-------------------------------+-----
Unarmed Combat | 4 5 6 7 9 11 12 | 12.6
Stealth        | 2 3 4 5 7 8 9 |  9.7
Dodging        | 5 6 7 9 10 | 10.4
Fighting       | 6 5 |  6.0

Action                   |  1- 3 |  4- 6 |  7- 9 | 10-12 || total
-------------------------+-------+-------+-------+-------++-------
Melee: Unarmed           |    82 |   162 |   358 |   121 ||   723
       Bite              |     9 |    14 |    36 |    12 ||    71
       Punch             |     2 |     3 |    19 |     6 ||    30
Invok: Berserk           |     1 |     4 |    10 |     3 ||    18
       Trog's Hand       |       |     1 |     1 |       ||     2
Evoke: Wand              |       |       |     2 |       ||     2
  Use: Potion            |       |     1 |       |       ||     1
       Scroll            |       |       |    21 |     2 ||    23
 Stab: Sleeping          |     3 |    11 |    12 |     5 ||    31
       Distracted        |       |       |     3 |     2 ||     5
  Eat: Chunk             |     8 |    12 |    31 |     6 ||    57
Armor: Skin              |     3 |     4 |    10 |     2 ||    19
Dodge: Dodged            |    66 |   122 |   331 |    98 ||   617

Table legend:
 A = Non-vault XP
 B = Vault XP
 C = Vault XP percentage of total XP
 D = Non-vault monster count
 E = Vault monster count
 F = Vault count percentage of total count
                 A         B        C        D         E       F
            +---------+---------+-------+---------+---------+-------
      Total |    6114 |    4885 |  44.4 |     219 |      58 |  20.9
            +---------+---------+-------+---------+---------+-------
        D:1 |      72 |       0 |   0.0 |      30 |       0 |   0.0
        D:2 |     116 |      33 |  22.1 |      22 |       1 |   4.3
        D:3 |     166 |       0 |   0.0 |      28 |       0 |   0.0
        D:4 |     368 |      95 |  20.5 |      20 |       6 |  23.1
        D:5 |     503 |       0 |   0.0 |      19 |       0 |   0.0
        D:6 |     736 |     287 |  28.1 |      21 |       2 |   8.7
        D:7 |     634 |     136 |  17.7 |      21 |       1 |   4.5
        D:8 |     787 |    2797 |  78.0 |      19 |      15 |  44.1
        D:9 |    1009 |      57 |   5.3 |      16 |      14 |  46.7
       D:10 |    1616 |    1480 |  47.8 |      20 |      19 |  48.7
       D:11 |     107 |       0 |   0.0 |       3 |       0 |   0.0
            +---------+---------+-------+---------+---------+-------
